 Dungeon Crawl Stone Soup version 0.20.1-1-g8b1a95d (webtiles) character file.

1526 keltmir the Transmogrifier (level 8, -3/59 HPs)
             Began as a Grey Draconian Transmuter on Oct 30, 2017.
             Was an Initiate of Makhleb.
             Slain by a hornet (14 damage)
             ... on level 8 of the Dungeon.
             The game lasted 00:48:07 (9688 turns).

keltmir the Transmogrifier (DrTm)                   Turns: 9688, Time: 00:48:08

Health: -3/59      AC: 12    Str: 13 (15) XL:     8   Next: 55%
Magic:  7/11       EV: 12    Int: 12 (15) God:    Makhleb [......]
Gold:   326        SH:  0    Dex: 11 (14) Spells: 2/11 levels left

rFire    . . .     SeeInvis .     - Unarmed
rCold    . . .     Gourm    .   (no shield)
rNeg     . . .     Faith    .   (armour unavailable)
rPois    .         Spirit   .   (helmet restricted)
rElec    .         Reflect  .   (no cloak)
rCorr    .         Harm     .   i - +0 pair of gloves
MR       .....                  (no boots)
Stlth    +.........             (no amulet)
Regen    0.2/turn               A - +2 ring of dexterity
MPRegen  0.2/turn               m - +2 ring of strength

@: slowed, very slow
A: walk through water, unfitting armour, unbreathing, cold-blooded, AC +11
a: Renounce Religion


You were on level 8 of the Dungeon.
You worshipped Makhleb.
Makhleb was noncommittal.
You were not hungry.

You visited 2 branches of the dungeon, and saw 9 of its levels.

You collected 326 gold pieces.

Inventory:

Hand Weapons
 l - a +0 blowgun
Missiles
 a - 72 arrows
 q - 16 poisoned needles
 u - 7 curare-tipped needles
Armour
 i - a +0 pair of gloves (worn)
Jewellery
 e - an uncursed ring of flight
 m - a +2 ring of strength (right hand)
 A - a +2 ring of dexterity (left hand)
Wands
 r - a wand of enslavement (10/24)
 C - a wand of random effects (31/48)
 D - a wand of flame (18/48)
 F - a wand of scattershot (4/9)
Scrolls
 f - 2 scrolls of recharging
 j - 3 scrolls of teleportation
 o - 2 scrolls of enchant weapon
 p - a scroll of blinking
 s - a scroll of noise {unknown}
 w - a scroll of immolation {unknown}
 x - 4 scrolls of remove curse
 G - a scroll of vulnerability {unknown}
Potions
 g - a potion of mutation
 h - a potion of cancellation {unknown}
 k - 3 potions of brilliance
 n - 3 potions of degeneration
 z - a potion of agility {unknown}
 B - a potion of lignification {unknown}
 E - a potion of flight {unknown}
Books
 b - a book of Changes

   Spells                             Type                      Level
   a - Beastly Appendage              Transmutation                1
   b - Sticks to Snakes               Transmutation                2
   c - Spider Form                    Transmutation/Poison         3
   d - Ice Form                       Ice/Transmutation            4
   e - Blade Hands                    Transmutation                5
 y - a book of Frost

   Spells                             Type                      Level
   a - Freeze                         Ice                          1
   b - Throw Frost                    Conjuration/Ice              2
   c - Ozocubu's Armour               Charms/Ice                   3
   d - Throw Icicle                   Conjuration/Ice              4
   e - Summon Ice Beast               Ice/Summoning                4
Comestibles
 c - 6 bread rations
 d - 4 royal jellies
 t - 6 fruits
 v - 2 meat rations


   Skills:
 - Level 1.1 Fighting
 + Level 2.7 Dodging
 + Level 3.8 Unarmed Combat
 - Level 2.0 Spellcasting
 * Level 10.3 Transmutations


You had 2 spell levels left.
You knew the following spells:

 Your Spells              Type           Power        Failure   Level  Hunger
a - Beastly Appendage     Tmut           ####..       1%          1    ##.....
b - Spider Form           Tmut/Pois      ##........   10%         3    ####...
c - Blade Hands           Tmut           ####......   11%         5    ######.


Dungeon Overview and Level Annotations

Branches:
Dungeon (8/15)             Temple (1/1) D:5
   Lair: D:8-11

Altars:
Ashenzari
Dithmenos
Elyvilon
Fedhas
Gozag
Hepliaklqana
Kikubaaqudgha
Makhleb
Nemelex Xobeh
Okawaru
Qazlal
Ru
Sif Muna
Trog
Uskayaw
Vehumet
Xom
Yredelemnul
Zin
The Shining One

Shops:
D:6 (

Annotations:
D:6 1 runed door


Innate Abilities, Weirdness & Mutations

You can walk through water.
Your dull iron-grey scales are very hard. (AC +11)
You cannot fit into any form of body armour.
You can survive without breathing.
You are cold-blooded and may be slowed by cold attacks.


Message History

The hornet closely misses you. The hornet stings you!
You feel as though you will be slow longer.
You closely miss the hornet.
The hornet is severely wounded.
Your hands revert to their normal proportions.
Your +0 pair of gloves unmelds from your body.
The hornet barely misses you. The hornet stings you!
* * * LOW HITPOINT WARNING * * *
You suddenly lose the ability to move!
The hornet stings you.
* * * LOW HITPOINT WARNING * * *
You feel as though you will be slow longer.
The hornet stings you but does no damage.
The hornet stings you but does no damage.
You can move again.
It was a potion of degeneration.
There was something very wrong with that liquid.
You feel weakened.
You feel dopey.
You feel clumsy. The hornet barely misses you. The hornet stings you!
You die...

..................#
#..#####.........)#.###..
#..........###...)<......
#........................
#.........###......###..
# #.........# #....#.# .
.##.........###.##.#.#
.....................
#.....y@..##..#.##.##
#.........##..#. .#
#....<....##..#. .#
#.#...........
#..............
#........###.##
#........# .#
#........... .
..........###


You could see a hornet.

Vanquished Creatures
  Prince Ribbit (D:6)
  A spriggan (D:7)
  An orc warrior (D:8)
  An ice beast (D:6)
  A bullfrog (D:8)
  3 wights (D:6)
  A howler monkey (D:3)
  4 crimson imps
  2 jellies
  5 hounds
  An orc priest (D:4)
  An orc wizard (D:7)
  Jessica (D:2)
  An iguana (D:5)
  Ijyb (D:4)
  3 worker ants (D:5)
  7 gnolls
  7 adders
  An adder skeleton (D:6)
  3 worms
  2 dart slugs (D:1)
  2 leopard geckos
  5 orcs
  A giant cockroach (D:2)
  6 goblins
  8 hobgoblins
  2 jackals (D:4)
  13 kobolds
  6 quokkas
  A ball python (D:3)
  7 bats
  4 frilled lizards
  A leopard gecko skeleton (D:6)
  6 rats
110 creatures vanquished.

Notes
Turn   | Place    | Note
-------+----------+-------------------------------------------
     0 | D:1      | keltmir the Draconian Transmuter began the quest for the Orb.
     0 | D:1      | Reached XP level 1. HP: 16/16 MP: 3/3
   693 | D:1      | Reached XP level 2. HP: 16/23 MP: 5/5
   966 | D:1      | Reached skill level 3 in Transmutations
  1841 | D:2      | Noticed Jessica
  1851 | D:2      | Killed Jessica
  1851 | D:2      | Reached skill level 4 in Transmutations
  1851 | D:2      | Reached XP level 3. HP: 12/28 MP: 4/6
  2063 | D:2      | Learned a level 3 spell: Spider Form
  2437 | D:2      | Reached XP level 4. HP: 31/35 MP: 7/7
  4169 | D:3      | Reached skill level 5 in Transmutations
  4231 | D:4      | Noticed Ijyb
  4241 | D:4      | Killed Ijyb
  4241 | D:4      | Reached XP level 5. HP: 40/40 MP: 4/8
  5013 | D:5      | Entered Level 5 of the Dungeon
  5085 | D:4      | You fall through a shaft!
  5089 | D:5      | Reached skill level 6 in Transmutations
  5210 | D:4      | Reached XP level 6. HP: 47/47 MP: 5/9
  5958 | D:6      | Reached skill level 7 in Transmutations
  6432 | D:5      | HP: 2/47 [poisoned by a worker ant]
  6986 | D:5      | Your scales start taking on a dull iron-grey colour.
  6986 | D:5      | Reached XP level 7. HP: 52/52 MP: 5/10
  6986 | D:5      | Gained mutation: You can survive without breathing. [Grey Draconian growth]
  7163 | D:6      | Found Cidd's Antique Weapon Shop.
  7329 | D:5      | Found a staircase to the Ecumenical Temple.
  7356 | Temple   | Entered the Ecumenical Temple
  7499 | Temple   | Became a worshipper of Makhleb the Destroyer
  7979 | D:6      | Reached skill level 8 in Transmutations
  7990 | D:6      | Learned a level 5 spell: Blade Hands
  8060 | D:6      | Found a white marble altar of Elyvilon.
  8060 | D:6      | Found a runed door.
  8060 | D:6      | Noticed an angel
  8111 | D:6      | Noticed Prince Ribbit
  8145 | D:6      | Killed Prince Ribbit
  8299 | D:6      | Reached skill level 9 in Transmutations
  8701 | D:6      | You fall through a shaft for 2 floors!
  8762 | D:8      | Reached XP level 8. HP: 59/59 MP: 6/11
  8969 | D:6      | Reached skill level 10 in Transmutations
  9579 | D:7      | Noticed a hornet
  9685 | D:8      | Paralysed by a hornet for 3 turns
  9688 | D:8      | Slain by a hornet

Skill      XL: |  1  2  3  4  5  6  7  8 |
---------------+-------------------------+-----
Transmutations | 4 5 6 7 9 10 | 10.3
Dodging        | 2 |  2.7
Fighting       | |  1.1
Unarmed Combat | |  3.8
Spellcasting   | |  2.0

Action                   |  1- 3 |  4- 6 |  7- 9 || total
-------------------------+-------+-------+-------++-------
Melee: Unarmed           |   143 |   189 |    96 ||   428
       Tailslap          |    16 |     3 |     9 ||    28
       Headbutt          |     2 |       |     2 ||     4
       Kick              |     7 |     3 |       ||    10
       Punch             |     1 |       |     1 ||     2
 Fire: Blowgun           |       |    22 |    23 ||    45
 Cast: Beastly Appendage |    10 |     3 |     1 ||    14
       Spider Form       |       |    33 |    13 ||    46
       Blade Hands       |       |       |     6 ||     6
  Use: Scroll            |     3 |     9 |     1 ||    13
       Potion            |       |     3 |     3 ||     6
  Eat: Chunk             |     5 |    10 |     2 ||    17
       Bread ration      |       |     2 |     3 ||     5
Armor: Skin              |    40 |    47 |    31 ||   118
Dodge: Dodged            |    62 |   190 |    89 ||   341
